 Dungeon Crawl Stone Soup version 0.23-a0-839-g6d2b917 (webtiles) character file.

367 Ereth the Shield-Bearer (level 6, -9/53 HPs)
             Began as a Hill Orc Fighter on Jan 24, 2019.
             Was a Follower of Dithmenos.
             Killed by nerve-wracking pain
             ... invoked by an orc priest
              (13 damage)
             ... on level 4 of the Dungeon on Jan 25, 2019.
             The game lasted 00:08:22 (3690 turns).

Ereth the Shield-Bearer (Hill Orc Fighter)          Turns: 3690, Time: 00:08:23

Health: -9/53      AC:  9    Str: 21    XL:     6   Next: 69%
Magic:  6/6        EV:  5    Int:  8    God:    Dithmenos [*.....]
Gold:   250        SH: 10    Dex: 10    Spells: 5/5 levels left

rFire    + . .     SeeInvis .   a - +1 trident
rCold    . . .     Gourm    .   c - +0 shield
rNeg     . . .     Faith    .   e - +0 chain mail
rPois    .         Spirit   .   (no helmet)
rElec    .         Reflect  .   (no cloak)
rCorr    .         Harm     .   (no gloves)
MR       .....                  (no boots)
Stlth    ..........             h - amulet of rage
HPRegen  0.17/turn              m - ring of protection from cold
MPRegen  0.10/turn              t - ring of fire

@: berserk cooldown, slowed, wreathed by umbra, very slow
A: no striking features
a: Renounce Religion, Convert to Beogh, Evoke Berserk Rage


You were on level 4 of the Dungeon.
You worshipped Dithmenos.
Dithmenos was aware of your devotion.
You were very hungry.

You visited 2 branches of the dungeon, and saw 5 of its levels.

You collected 250 gold pieces.

Inventory:

Hand Weapons
 a - a +1 trident (weapon)
Missiles
 u - 8 tomahawks (quivered)
Armour
 b - a +0 scale mail
 c - a +0 shield (worn)
 e - a +0 chain mail (worn)
Jewellery
 h - an amulet of rage (around neck)
 m - a ring of protection from cold (left hand)
 t - a ring of fire (right hand)
Scrolls
 i - a scroll of remove curse
 o - 2 scrolls of random uselessness
 p - 3 scrolls of teleportation
Potions
 d - 2 potions of might
 j - a potion of curing
 k - a potion of haste
 l - 2 potions of berserk rage
 q - a potion of degeneration
 s - 2 potions of ambrosia
 v - a potion of agility {unknown}
Comestibles
 f - 11 rations
 g - 2 chunks of flesh


   Skills:
 + Level 4.6 Fighting
 + Level 4.8 Polearms
 + Level 4.5 Armour
 + Level 0.3 Dodging
 + Level 0.9 Stealth
 + Level 4.9 Shields


You had 5 spell levels left.
You didn't know any spells.
Your spell library contained the following spells:

 Spells                   Type           Power        Failure   Level  Hunger
 Summon Butterflies       Summ           #.......     100%        1    ##.....
 Summon Small Mammal      Summ           #...         100%        1    ##.....
 Call Imp                 Summ           #.......     100%        2    ###....
 Throw Flame              Conj/Fire      #.....       100%        2    ###....
 Call Canine Familiar     Summ           #.......     100%        3    ####...
 Inner Flame              Hex/Fire       #.......     100%        3    ####...
 Summon Guardian Golem    Hex/Summ       #.......     100%        3    ####...
 Sticky Flame             Conj/Fire      #.......     100%        4    #####..
 Summon Ice Beast         Ice/Summ       #.......     100%        4    #####..
 Summon Lightning Spire   Summ/Air       #.......     100%        4    #####..
 Aura of Abjuration       Summ           #.........   100%        5    ######.


Dungeon Overview and Level Annotations

Branches:
Dungeon (4/15)             Temple (1/1) D:4

Altars:
Ashenzari
Cheibriados
Dithmenos
Fedhas
Gozag
Hepliaklqana
Kikubaaqudgha
Makhleb
Okawaru
Qazlal
Ru
Sif Muna
Uskayaw
Vehumet
Wu Jian
Xom
Zin
The Shining One

Annotations:
D:4 Natasha


Message History

The crimson imp blinks!
The orc hits you but does no damage.
You puncture the orc!
You kill the orc!
Dithmenos accepts your kill.
The orc priest mumbles some strange prayers to Beogh against you.
Pain shoots through your body!
* * * LOW HITPOINT WARNING * * *
The orc priest hits you but does no damage.
The orc wizard casts a spell.
The orc wizard blinks!
The orc priest shouts, "Surrender to Beogh and we'll let you live!"
Things that are here:
a +0 hand axe; a +0 ring mail; an orc corpse The crimson imp puffs mist at you.
The orc priest calls down the wrath of Beogh upon you.
Beogh smites you!
* * * LOW HITPOINT WARNING * * *
The orc priest invokes the aid of Beogh against you.
Pain shoots through your body!
You die...

##.# ###
#.## #.#
##.# #.##
#.# ##.#
#.## #. #@#
#..o#####.#
#..5who)o##
....#####.#
. #.# .## .
.. ..


You could see an orc priest.

Vanquished Creatures
  A scorpion (D:4)
  An orc priest (D:3)
  An orc wizard (D:3)
  Jessica (D:2)
  A bullfrog skeleton (D:4)
  Natasha (D:4)
  An iguana (D:3)
  A worker ant (D:4)
  6 adders
  A worm (D:2)
  A dart slug (D:1)
  3 leopard geckos
  8 orcs
  3 giant cockroaches
  5 goblins
  8 hobgoblins
  9 jackals
  A quokka (D:2)
  6 bats
  7 frilled lizards
  3 kobolds
  2 quokka skeletons
  5 rats
76 creatures vanquished.

Notes
Turn   | Place    | Note
-------+----------+-------------------------------------------
     0 | D:1      | Ereth the Hill Orc Fighter began the quest for the Orb.
     0 | D:1      | Reached XP level 1. HP: 19/19 MP: 1/1
   176 | D:1      | Reached XP level 2. HP: 27/27 MP: 2/2
   950 | D:2      | Found an opulent altar of Gozag.
  1131 | D:2      | Reached XP level 3. HP: 33/33 MP: 3/3
  1204 | D:2      | Noticed Jessica
  1209 | D:2      | Killed Jessica
  1209 | D:2      | Reached XP level 4. HP: 39/40 MP: 4/4
  1512 | D:2      | Found a shadowy altar of Dithmenos.
  1550 | D:2      | Became a worshipper of Dithmenos the Shadowed
  1928 | D:3      | Reached XP level 5. HP: 44/47 MP: 5/5
  2163 | D:3      | Reached * piety under Dithmenos
  2171 | D:3      | Found an ornate altar of the Wu Jian Council.
  2432 | D:3      | Found a burning altar of Makhleb.
  2731 | D:4      | Identified the Handbook of Flames and Calling
  2754 | D:4      | Noticed an ogre
  2795 | D:3      | Reached XP level 6. HP: 9/53 MP: 6/6
  3228 | D:4      | Found a staircase to the Ecumenical Temple.
  3252 | D:4      | Upgraded the game from 0.23-a0-837-ga3e6480 to
                  | 0.23-a0-839-g6d2b917
  3254 | Temple   | Entered the Ecumenical Temple
  3411 | D:4      | Noticed Natasha
  3429 | D:4      | Killed Natasha
  3669 | D:4      | Noticed Natasha
  3690 | D:4      | Killed from afar by an orc priest

Vault maps used:
D:1:      nicolae_arrival_somewhat_less_tricky_arrival
D:2:      lemuel_round_altar, old_standard_altar, first_ration, uniq_jessica
D:3:      overflow_temple_1_default, bloody_makhleb, feat_on_display
D:4:      nicolae_overflow_crystal_walls, temple_statues, uniq_natasha
Temple:   nicolae_temple_great_sept

Skill      XL: |  1  2  3  4  5 |
---------------+----------------+-----
Fighting       | 4 |  4.6
Shields        | 4 |  4.9
Armour         | 4 |  4.5
Polearms       | 3 4 |  4.8
Dodging        | |  0.3
Stealth        | |  0.9

Action                   |  1- 3 |  4- 6 || total
-------------------------+-------+-------++-------
Melee: Trident           |    70 |   259 ||   329
Throw: Tomahawk          |       |     1 ||     1
 Abil: Evoke Berserk Rag |       |     1 ||     1
  Use: Scroll            |       |    10 ||    10
  Eat: Chunk             |     1 |     8 ||     9
Armor: Chain mail        |    36 |   137 ||   173
Dodge: Dodged            |    13 |    59 ||    72
Block: Shield            |    45 |   132 ||   177

Table legend:
 A = Non-vault XP
 B = Vault XP
 C = Vault XP percentage of total XP
 D = Non-vault monster count
 E = Vault monster count
 F = Vault count percentage of total count
                 A         B        C        D         E       F
            +---------+---------+-------+---------+---------+-------
      Total |     453 |      72 |  13.7 |      74 |       2 |   2.6
            +---------+---------+-------+---------+---------+-------
        D:1 |      17 |       0 |   0.0 |      12 |       0 |   0.0
        D:2 |      85 |      37 |  30.3 |      28 |       1 |   3.4
        D:3 |     182 |       0 |   0.0 |      19 |       0 |   0.0
        D:4 |     169 |      35 |  17.2 |      15 |       1 |   6.2
            +---------+---------+-------+---------+---------+-------
